BSA
NASHVILLE G-STRINGS @ POCATELLO BELLAS
09/11/2030
 
TOP OF THE 1ST
Nashville G-Strings batting - Pitching for Pocatello Bellas : RHP Chris Martin
Pitching: RHP Chris Martin
Batting: RHB Eric Thompson 0-0: Called Strike
0-1: Ball
1-1: Ball
2-1: Foul Ball, location: 2F
2-2: Foul Ball, location: 2F
2-2: Foul Ball, location: 2F
2-2: Ball
3-2: Foul Ball, location: 2F
3-2: TRIPLE (Flyball, 78XD)
Batting: SHB Ricardo Arévalo 0-0: Ball
1-0: 2-RUN HOME RUN (Line Drive, 7LD), Distance : 329 ft
Batting: RHB Sergio Márquez 0-0: Ball
1-0: Ball
2-0: Ball
3-0: Called Strike
3-1: Base on Balls
Batting: LHB Miguel Rivería 0-0: Ball
1-0: Called Strike
1-1: Foul Ball, location: 2F
1-2: Grounds into double play, 1-6-3 (Groundball, 13S)
Batting: LHB Bob Cunningham 0-0: Ball
1-0: Called Strike
1-1: Foul Ball, location: 2F
1-2: Ball
2-2: Ball
3-2: Ground out 6-3 (Groundball, 6)
Top of the 1st over - 2 runs, 2 hits, 0 errors, 0 left on base; Nashville 2 - Pocatello 0
BOTTOM OF THE 1ST
Pocatello Bellas batting - Pitching for Nashville G-Strings : LHP Bill Moore
Pitching: LHP Bill Moore
Batting: SHB Shane Hutchinson 0-0: Foul Ball, location: 2F
0-1: Ball
1-1: Swinging Strike
1-2: Foul Ball, location: 2F
1-2: Strikes out looking
Batting: RHB Lonnie Anderson 0-0: Ball
1-0: Swinging Strike
1-1: Called Strike
1-2: Foul Ball, location: 2F
1-2: Foul Ball, location: 2F
1-2: DOUBLE (Line Drive, 7LS)
Batting: RHB Buck Jones 0-0: Swinging Strike
0-1: Ball
1-1: Ball
2-1: Foul Ball, location: 2F
2-2: Ball
3-2: Base on Balls
Batting: RHB António Ortega 0-0: Ball
1-0: Called Strike
1-1: Fly out, F9 (Flyball, 9S)
Batting: RHB Javier Deleón 0-0: Ball
1-0: Swinging Strike
1-1: SINGLE (Line Drive, 34D)
Lonnie Anderson to third
Buck Jones to second
Runner from 3rd tries for Home, SAFE, no throw
Batting: RHB José Herrera 0-0: Ball
1-0: Foul Ball, location: 2F
1-1: Foul Ball, location: 2F
1-2: Ball
2-2: Foul Ball, location: 2F
2-2: SINGLE (Line Drive, 4MD)
Buck Jones to third
Javier Deleón to second
Runner from 3rd tries for Home, SAFE, throw made home
Batting: RHB Tom Doherty 0-0: Called Strike
0-1: Ground out 4-3 (Groundball, 4)
Bottom of the 1st over - 2 runs, 3 hits, 0 errors, 2 left on base; Nashville 2 - Pocatello 2
TOP OF THE 2ND
Nashville G-Strings batting - Pitching for Pocatello Bellas : RHP Chris Martin
Batting: SHB Jorge Flores 0-0: Called Strike
0-1: Foul Ball, location: 2F
0-2: DOUBLE (Flyball, 89XD)
Pinch Runner at 2nd Robinson Fernández:
Batting: RHB Jesús Cabrera 0-0: Ball
1-0: Ball
2-0: Swinging Strike
2-1: Called Strike
2-2: Ball
3-2: SINGLE (Line Drive, 78S)
Robinson Fernández to third
Batting: RHB Vicente Aguirre Pickoff Throw to First - Error! E1
Robinson Fernández scores
Jesús Cabrera to second
0-0: Ball
1-0: Swinging Strike
1-1: Called Strike
1-2: Ball
2-2: Strikes out swinging
Batting: RHB Danny Campbell 0-0: Ball
1-0: Foul Ball, location: 2F
1-1: Fly out, F9 (Flyball, 89M)
Batting: RHB Eric Thompson 0-0: Called Strike
0-1: Ball
1-1: Swinging Strike
1-2: Reached on error, E4 (Groundball, 4S)
Jesús Cabrera to third
Batting: SHB Ricardo Arévalo 0-0: Called Strike
0-1: Foul Ball, location: 2F
0-2: Ball
1-2: Ball
2-2: Ball
3-2: SINGLE (Groundball, 34D)
Jesús Cabrera scores
Eric Thompson to second
Eric Thompson to third
Batting: RHB Sergio Márquez 0-0: Ball
1-0: Ball
2-0: Foul Ball, location: 2F
2-1: Swinging Strike
2-2: Foul Ball, location: 2F
2-2: SINGLE (Line Drive, 9)
Eric Thompson scores
Ricardo Arévalo to second
Runner from 2nd tries for 3rd, SAFE, no throw
Batting: LHB Miguel Rivería 0-0: Ball
1-0: Ball
2-0: Foul Ball, location: 2F
2-1: Foul Ball, location: 2F
2-2: Strikes out swinging
Top of the 2nd over - 3 runs, 4 hits, 2 errors, 2 left on base; Nashville 5 - Pocatello 2
BOTTOM OF THE 2ND
Pocatello Bellas batting - Pitching for Nashville G-Strings : LHP Bill Moore
Batting: SHB Juan Castro 0-0: Ball
1-0: Foul Ball, location: 2F
1-1: Swinging Strike
1-2: Ball
2-2: Strikes out looking
Batting: LHB José Rivas 0-0: Called Strike
0-1: Ball
1-1: Fly out, F7 (Flyball, 7D)
Batting: SHB Shane Hutchinson 0-0: Ball
1-0: Called Strike
1-1: Swinging Strike
1-2: Ball
2-2: Strikes out swinging
Bottom of the 2nd over - 0 runs, 0 hits, 0 errors, 0 left on base; Nashville 5 - Pocatello 2
TOP OF THE 3RD
Nashville G-Strings batting - Pitching for Pocatello Bellas : RHP Chris Martin
Batting: LHB Bob Cunningham 0-0: SINGLE (Groundball, 6D)
Batting: LHB Robinson Fernández 0-0: Ball
1-0: Fielders Choice at 2nd, 4-6 (Groundball, 4)
Batting: RHB Jesús Cabrera 0-0: Foul Ball, location: 2F
0-1: Ball
1-1: SINGLE (Groundball, 56D)
Robinson Fernández to second
Batting: RHB Vicente Aguirre 0-0: Called Strike
0-1: Swinging Strike
0-2: Ball
1-2: Ball
2-2: Fly out, F7 (Flyball, 7S)
Batting: RHB Danny Campbell 0-0: Ball
1-0: Ball
2-0: Ball
3-0: Called Strike
3-1: Foul Ball, location: 2F
3-2: Ground out 1-3 (Groundball, 13)
Top of the 3rd over - 0 runs, 2 hits, 0 errors, 2 left on base; Nashville 5 - Pocatello 2
BOTTOM OF THE 3RD
Pocatello Bellas batting - Pitching for Nashville G-Strings : LHP Bill Moore
Batting: RHB Lonnie Anderson 0-0: Called Strike
0-1: Foul Ball, location: 2F
0-2: Foul Ball, location: 2F
0-2: Fly out, F4 (Popup, 4M)
Batting: RHB Buck Jones 0-0: Foul Ball, location: 2F
0-1: Ball
1-1: Swinging Strike
1-2: TRIPLE (Groundball, 5L)
Batting: RHB António Ortega 0-0: Ball
1-0: Fly out, F9 (Line Drive, 9LM)
Runner from 3rd tags up, SCORES, no throw
Batting: RHB Javier Deleón 0-0: Ball
1-0: Foul Ball, location: 2F
1-1: Called Strike
1-2: Ball
2-2: Strikes out swinging
Bottom of the 3rd over - 1 run, 1 hit, 0 errors, 0 left on base; Nashville 5 - Pocatello 3
TOP OF THE 4TH
Nashville G-Strings batting - Pitching for Pocatello Bellas : RHP Chris Martin
Batting: RHB Eric Thompson 0-0: Foul Ball, location: 2F
0-1: Called Strike
0-2: Ground out 5-3 (Groundball, 56S)
Batting: SHB Ricardo Arévalo 0-0: Called Strike
0-1: SINGLE (Line Drive, 89S)
Batting: RHB Sergio Márquez 0-0: Ball
1-0: Called Strike
1-1: Swinging Strike
1-2: Ball
2-2: Fly out, F6 (Line Drive, 6)
Batting: LHB Miguel Rivería 0-0: Foul Ball, location: 2F
0-1: Swinging Strike
0-2: Ball
1-2: Strikes out swinging
Top of the 4th over - 0 runs, 1 hit, 0 errors, 1 left on base; Nashville 5 - Pocatello 3
BOTTOM OF THE 4TH
Pocatello Bellas batting - Pitching for Nashville G-Strings : LHP Bill Moore
Batting: RHB José Herrera 0-0: Ball
1-0: Foul Ball, location: 2F
1-1: Called Strike
1-2: Foul Ball, location: 2F
1-2: Fly out, F8 (Line Drive, 78XD)
Batting: RHB Tom Doherty 0-0: Ball
1-0: Swinging Strike
1-1: SINGLE (Groundball, 6MD)
Batting: SHB Juan Castro 0-0: SINGLE (Groundball, 6MD)
Tom Doherty to second
Batting: LHB José Rivas 0-0: Ball
1-0: Called Strike
1-1: Foul Ball, location: 2F
1-2: Foul Ball, location: 2F
1-2: Fly out, F5 (Popup, 25F)
Batting: SHB Shane Hutchinson 0-0: Ball
1-0: Fly out, F9 (Flyball, 89M)
Bottom of the 4th over - 0 runs, 2 hits, 0 errors, 2 left on base; Nashville 5 - Pocatello 3
TOP OF THE 5TH
Nashville G-Strings batting - Pitching for Pocatello Bellas : RHP Chris Martin
Batting: LHB Bob Cunningham 0-0: Called Strike
0-1: Ball
1-1: Ball
2-1: Ball
3-1: Swinging Strike
3-2: Strikes out swinging
Batting: LHB Robinson Fernández 0-0: Called Strike
0-1: Ball
1-1: Swinging Strike
1-2: Strikes out swinging
Batting: RHB Jesús Cabrera 0-0: Ball
1-0: Ball
2-0: Swinging Strike
2-1: Foul Ball, location: 2F
2-2: Ball
3-2: SINGLE (Groundball, 56) (infield hit)
Batting: RHB Vicente Aguirre 0-0: Ball
Jesús Cabrera is caught stealing 2nd base
Top of the 5th over - 0 runs, 1 hit, 0 errors, 0 left on base; Nashville 5 - Pocatello 3
BOTTOM OF THE 5TH
Pocatello Bellas batting - Pitching for Nashville G-Strings : LHP Bill Moore
Batting: RHB Lonnie Anderson 0-0: Ball
1-0: Foul Ball, location: 2F
1-1: Fly out, F8 (Flyball, 8RM)
Batting: RHB Buck Jones 0-0: Ball
1-0: Ball
2-0: Fly out, F7 (Flyball, 78M)
Batting: RHB António Ortega 0-0: Ball
1-0: Ground out 1-3 (Groundball, P)
Bottom of the 5th over - 0 runs, 0 hits, 0 errors, 0 left on base; Nashville 5 - Pocatello 3
TOP OF THE 6TH
Nashville G-Strings batting - Pitching for Pocatello Bellas : RHP Chris Martin
Pitching: RHP Les Johnston
Batting: RHB Vicente Aguirre 0-0: Ball
1-0: Fly out, F8 (Flyball, 8RD)
Batting: RHB Danny Campbell 0-0: Foul Ball, location: 2F
0-1: Ball
1-1: Fly out, F9 (Flyball, 9LM)
Batting: RHB Eric Thompson 0-0: Ball
1-0: Called Strike
1-1: Foul Ball, location: 2F
1-2: Fly out, F7 (Flyball, 7)
Top of the 6th over - 0 runs, 0 hits, 0 errors, 0 left on base; Nashville 5 - Pocatello 3
BOTTOM OF THE 6TH
Pocatello Bellas batting - Pitching for Nashville G-Strings : LHP Bill Moore
Batting: RHB Javier Deleón 0-0: Ground out 6-3 (Groundball, 56D)
Batting: RHB José Herrera 0-0: Swinging Strike
0-1: Swinging Strike
0-2: SINGLE (Flyball, 9LS)
Batting: RHB Tom Doherty 0-0: Ball
1-0: Called Strike
1-1: Called Strike
José Herrera steals 2nd base
1-2: SINGLE (Groundball, 6MD)
José Herrera to third
Batting: SHB Juan Castro 0-0: Swinging Strike
Passed Ball!
José Herrera scores
Tom Doherty to second
Balk!
Tom Doherty to third
0-1: SINGLE (Groundball, 34D)
Tom Doherty scores
Pitching: RHP José Salinas
Batting: LHB José Rivas 0-0: Foul Ball, location: 2F
0-1: Ball
1-1: Foul Ball, location: 2F
1-2: Ball
2-2: Ball
3-2: Fly out, F5 (Popup, 56S)
Batting: SHB Shane Hutchinson 0-0: Ball
1-0: Ball
2-0: Foul Ball, location: 2F
2-1: Foul Ball, location: 2F
2-2: Foul Ball, location: 2F
2-2: Ground out 4-3 (Groundball, 34)
Bottom of the 6th over - 2 runs, 3 hits, 0 errors, 1 left on base; Nashville 5 - Pocatello 5
TOP OF THE 7TH
Nashville G-Strings batting - Pitching for Pocatello Bellas : RHP Les Johnston
Batting: SHB Ricardo Arévalo 0-0: Called Strike
0-1: Ball
1-1: Swinging Strike
1-2: Fly out, F6 (Line Drive, 6)
Batting: RHB Sergio Márquez 0-0: Called Strike
0-1: Foul Ball, location: 2F
0-2: Ball
1-2: Ball
2-2: Ground out 1-3 (Groundball, 13S)
Batting: LHB Miguel Rivería 0-0: Foul Ball, location: 2F
0-1: Ball
1-1: Foul Ball, location: 2F
1-2: Ball
2-2: DOUBLE (Flyball, 89XD)
Batting: LHB Bob Cunningham 0-0: Called Strike
0-1: Ball
1-1: Ground out 6-3 (Groundball, 6)
Top of the 7th over - 0 runs, 1 hit, 0 errors, 1 left on base; Nashville 5 - Pocatello 5
BOTTOM OF THE 7TH
Pocatello Bellas batting - Pitching for Nashville G-Strings : RHP José Salinas
Batting: RHB Lonnie Anderson 0-0: Called Strike
0-1: Foul Ball, location: 2F
0-2: Foul Ball, location: 2F
0-2: Ball
1-2: Strikes out swinging
Batting: RHB Buck Jones 0-0: Ball
1-0: Ball
2-0: Called Strike
2-1: Ground out 5-3 (Groundball, 56)
Batting: RHB António Ortega 0-0: Fly out, F9 (Flyball, 9LSF)
Bottom of the 7th over - 0 runs, 0 hits, 0 errors, 0 left on base; Nashville 5 - Pocatello 5
TOP OF THE 8TH
Nashville G-Strings batting - Pitching for Pocatello Bellas : RHP Les Johnston
Batting: LHB Robinson Fernández 0-0: SINGLE (Groundball, 6D)
Pinch Runner at 1st Juan Costello:
Batting: RHB Jesús Cabrera 0-0: Called Strike
0-1: Called Strike
0-2: Ball
1-2: Fly out, F8 (Line Drive, 8LD)
Batting: RHB Vicente Aguirre 0-0: Ball
1-0: Ball
2-0: Fly out, F4 (Flyball, 4MD)
Pinch Hitting: SHB Rob Grun 0-0: Called Strike
0-1: Called Strike
0-2: Ground out 5-3 (Groundball, 56S)
Top of the 8th over - 0 runs, 1 hit, 0 errors, 1 left on base; Nashville 5 - Pocatello 5
BOTTOM OF THE 8TH
Pocatello Bellas batting - Pitching for Nashville G-Strings : RHP José Salinas
Now in LF: Rob Grun
Pinch Hitting: LHB Stan Bates 0-0: Ball
1-0: Foul Ball, location: 2F
1-1: Ground out 4-3 (Groundball, 4)
Batting: RHB José Herrera 0-0: Called Strike
0-1: SOLO HOME RUN (Line Drive, 7D), Distance : 351 ft
Batting: RHB Tom Doherty 0-0: Called Strike
0-1: Swinging Strike
0-2: Strikes out swinging
Batting: SHB Juan Castro 0-0: Called Strike
0-1: Foul Ball, location: 2F
0-2: Strikes out looking
Bottom of the 8th over - 1 run, 1 hit, 0 errors, 0 left on base; Nashville 5 - Pocatello 6
TOP OF THE 9TH
Nashville G-Strings batting - Pitching for Pocatello Bellas : RHP Les Johnston
Pitching: RHP Jaime Espinoza
Now at SS: John Cotton
Batting: RHB Eric Thompson 0-0: Foul Ball, location: 2F
0-1: Ball
1-1: Fly out, F9 (Flyball, 9LM)
Batting: SHB Ricardo Arévalo 0-0: Ball
1-0: Ball
2-0: Swinging Strike
2-1: Swinging Strike
2-2: Strikes out looking
Batting: RHB Sergio Márquez 0-0: Ball
1-0: Ball
2-0: Foul Ball, location: 2F
2-1: Ball
3-1: SINGLE (Groundball, 56D)
Batting: LHB Miguel Rivería 0-0: Foul Ball, location: 2F
0-1: Ball
1-1: Ground out 4-3 (Groundball, 4)
Top of the 9th over - 0 runs, 1 hit, 0 errors, 1 left on base; Nashville 5 - Pocatello 6
Saturday, April 7th, 2018 - OOTP Baseball 18.8 Build 76